 Dungeon Crawl Stone Soup version 0.21.1-1-g345015f (webtiles) character file.

121 Flooderbenga the Grave Robber (level 5, -11/37 HPs)
             Began as a Gnoll Necromancer on Apr 5, 2018.
             Killed from afar by Mirai's ghost (22 damage)
             ... with an orb of energy
             ... on level 4 of the Dungeon.
             The game lasted 00:17:36 (443 turns).

Flooderbenga the Grave Robber (Gnoll Necromancer)    Turns: 443, Time: 00:17:37

Health: -11/37     AC:  3    Str:  8 (11) XL:     5   Next: 5%
Magic:  2/12       EV: 13    Int: 17 (18) God:
Gold:   32         SH:  0    Dex: 12 (15) Spells: 9/14 levels left

rFire    . . .     SeeInvis .     - Unarmed
rCold    . . .     Gourm    .   (no shield)
rNeg     . . .     Faith    .   e - -1 leather armour (curse)
rPois    .         Spirit   .   (no helmet)
rElec    .         Reflect  .   (no cloak)
rCorr    .         Harm     .   o - +0 pair of gloves
MR       .....                  (no boots)
Stlth    ++........             (no amulet)
HPRegen  0.12/turn              (no ring)
MPRegen  0.13/turn              (no ring)

@: no status effects
A: distributed training, fangs 1, strong nose
a: no special abilities


You were on level 4 of the Dungeon.
You were not hungry.

You visited 1 branch of the dungeon, and saw 4 of its levels.

You collected 32 gold pieces.

Inventory:

Hand Weapons
 g - a +0 dagger
 h - a +2 short sword of protection
 i - a cursed -2 spear
Missiles
 d - 42 stones (quivered)
 j - 3 javelins
Armour
 a - a +0 robe
 e - a cursed -1 leather armour (worn)
 o - a +0 pair of gloves (worn)
Potions
 k - a potion of heal wounds {@q2}
Books
 b - a book of Necromancy

   Spells                             Type                      Level
   a - Pain                           Necromancy                   1
   b - Animate Skeleton               Necromancy                   1
   c - Vampiric Draining              Necromancy                   3
   d - Regeneration                   Charms/Necromancy            3
   e - Animate Dead                   Necromancy                   4
   f - Borgnjor's Vile Clutch         Necromancy/Earth             5
Comestibles
 c - 3 rations


   Skills:
 + Level 1.3 Fighting
 + Level 1.3 Short Blades
 + Level 1.3 Long Blades
 + Level 1.3 Axes
 + Level 1.3 Maces & Flails
 + Level 1.3 Polearms
 + Level 1.3 Staves
 + Level 1.3 Slings
 + Level 1.3 Bows
 + Level 1.3 Crossbows
 + Level 1.3 Throwing
 + Level 1.3 Armour
 + Level 4.7 Dodging
 + Level 4.3 Stealth
 + Level 1.3 Shields
 + Level 1.3 Unarmed Combat
 + Level 5.1 Spellcasting
 + Level 1.0 Conjurations
 + Level 1.0 Hexes
 + Level 1.0 Charms
 + Level 1.0 Summonings
 + Level 7.1 Necromancy
 + Level 1.0 Translocations
 + Level 1.0 Transmutations
 + Level 1.0 Fire Magic
 + Level 1.0 Ice Magic
 + Level 1.0 Air Magic
 + Level 1.0 Earth Magic
 + Level 1.0 Poison Magic
 + Level 1.4 Invocations
 + Level 1.3 Evocations


You had 9 spell levels left.
You knew the following spells:

 Your Spells              Type           Power        Failure   Level  Hunger
a - Pain                  Necr           ####         1%          1    None
r - Regeneration          Chrm/Necr      ###.......   11%         3    ###....
z - Animate Skeleton      Necr           N/A          1%          1    None


Dungeon Overview and Level Annotations

Branches:
Dungeon (4/15)
 Temple: D:4-7

Altars:
Ashenzari

Annotations:
D:4 Mirai's ghost, amateur DECj


Innate Abilities, Weirdness & Mutations

Your experience applies equally to all skills.
You have very sharp teeth.
Your uncanny sense of smell can sniff out nearby items.


Message History

The hound barely resists.
The frilled lizard hisses angrily.
The hound bites you.
A ball python comes into view.
You take 3 damage, and have 17/37 hp.
You now have 2/12 mp.
Here: Mirai's ghost, wielding a weapon of venom The floor.
Aim: a hound (heavily wounded, chance to defeat MR: 89%)
The hound writhes in agony!
The hound bites you. Mirai's ghost hits you.
* * * LOW HITPOINT WARNING * * *
The hound misses you.
You take 6 damage, and have 11/37 hp.
Here: a hound (severely wounded)
The floor.
The hound bites you but does no damage. The hound barely misses you.
Mirai's ghost gestures at you while chanting.
The orb of energy hits you!
Ouch! That really hurt!
You die...

#..........#
#..........#
####...S.l.....
∆...........)...
#..........#
##........#
####.hW.......#
#.......###.#.#
#.#.@..## #
#......>.##
...........####
..............
............$##.
...............
.............#.
..........>..#
.......)....#


You could see a hound, Mirai's ghost, a ball python and a frilled lizard.

Vanquished Creatures
  An ogre (D:4)
  A gnoll (D:1)
  A worm (D:2)
  A dart slug (D:1)
  3 giant cockroaches
  A goblin (D:1)
  2 hobgoblins (D:1)
  2 quokkas
  2 bats (D:1)
  2 kobolds (D:1)
  5 rats (D:1)
21 creatures vanquished.

Vanquished Creatures (collateral kills)
  A dart slug (D:1)
1 creature vanquished.

Grand Total: 22 creatures vanquished

Notes
Turn   | Place    | Note
-------+----------+-------------------------------------------
     0 | D:1      | Flooderbenga the Gnoll Necromancer began the quest for the Orb.
     0 | D:1      | Reached XP level 1. HP: 13/13 MP: 6/6
     8 | D:1      | Learned a level 1 spell: Animate Skeleton
    82 | D:1      | Reached XP level 2. HP: 3/19 MP: 4/7
   219 | D:1      | Reached XP level 3. HP: 5/25 MP: 6/9
   226 | D:1      | Learned a level 3 spell: Regeneration
   281 | D:1      | Reached skill level 5 in Spellcasting
   385 | D:3      | Found a shattered altar of Ashenzari.
   414 | D:4      | Noticed an ogre
   423 | D:4      | Killed an ogre
   423 | D:4      | Reached skill level 1 in Fighting
   423 | D:4      | Reached skill level 1 in Short Blades
   423 | D:4      | Reached skill level 1 in Long Blades
   423 | D:4      | Reached skill level 1 in Axes
   423 | D:4      | Reached skill level 1 in Maces & Flails
   423 | D:4      | Reached skill level 1 in Polearms
   423 | D:4      | Reached skill level 1 in Staves
   423 | D:4      | Reached skill level 1 in Slings
   423 | D:4      | Reached skill level 1 in Bows
   423 | D:4      | Reached skill level 1 in Crossbows
   423 | D:4      | Reached skill level 1 in Throwing
   423 | D:4      | Reached skill level 1 in Armour
   423 | D:4      | Reached skill level 1 in Shields
   423 | D:4      | Reached skill level 1 in Unarmed Combat
   423 | D:4      | Reached skill level 1 in Conjurations
   423 | D:4      | Reached skill level 1 in Hexes
   423 | D:4      | Reached skill level 1 in Charms
   423 | D:4      | Reached skill level 1 in Summonings
   423 | D:4      | Reached skill level 1 in Translocations
   423 | D:4      | Reached skill level 1 in Transmutations
   423 | D:4      | Reached skill level 1 in Fire Magic
   423 | D:4      | Reached skill level 1 in Ice Magic
   423 | D:4      | Reached skill level 1 in Air Magic
   423 | D:4      | Reached skill level 1 in Earth Magic
   423 | D:4      | Reached skill level 1 in Poison Magic
   423 | D:4      | Reached skill level 1 in Invocations
   423 | D:4      | Reached skill level 1 in Evocations
   423 | D:4      | Reached XP level 4. HP: 18/32 MP: 2/11
   423 | D:4      | Reached XP level 5. HP: 21/37 MP: 2/12
   436 | D:4      | Noticed Mirai's ghost (amateur DECj)
   443 | D:4      | Killed from afar by Mirai's ghost

Skill      XL: |  1  2  3 |
---------------+----------+-----
Spellcasting   | 5 |  5.1
Fighting       | 1 |  1.3
Short Blades   | 1 |  1.3
Long Blades    | 1 |  1.3
Axes           | 1 |  1.3
Maces & Flails | 1 |  1.3
Polearms       | 1 |  1.3
Staves         | 1 |  1.3
Slings         | 1 |  1.3
Bows           | 1 |  1.3
Crossbows      | 1 |  1.3
Throwing       | 1 |  1.3
Armour         | 1 |  1.3
Shields        | 1 |  1.3
Unarmed Combat | 1 |  1.3
Conjurations   | 1 |  1.0
Hexes          | 1 |  1.0
Charms         | 1 |  1.0
Summonings     | 1 |  1.0
Translocations | 1 |  1.0
Transmutations | 1 |  1.0
Fire Magic     | 1 |  1.0
Ice Magic      | 1 |  1.0
Air Magic      | 1 |  1.0
Earth Magic    | 1 |  1.0
Poison Magic   | 1 |  1.0
Invocations    | 1 |  1.4
Evocations     | 1 |  1.3
Dodging        | |  4.7
Stealth        | |  4.3
Necromancy     | |  7.1

Action                   |  1- 3 |  4- 6 || total
-------------------------+-------+-------++-------
Melee: Unarmed           |     1 |       ||     1
 Cast: Pain              |    38 |     4 ||    42
       Animate Skeleton  |     3 |       ||     3
       Regeneration      |     1 |       ||     1
  Use: Scroll            |       |     3 ||     3
       Potion            |       |     1 ||     1
 Stab: Sleeping          |     1 |       ||     1
Armor: Robe              |     1 |       ||     1
       Leather armour    |       |     1 ||     1
Dodge: Dodged            |     7 |     4 ||    11
